 Dungeon Crawl Stone Soup version 0.28-a0-1412-gf95308ed99 (webtiles) character file.

Game seed: 11741579456400528399

18131 HallandMoats the Fighter (level 12, -3/102 HPs)
             Began as a Vine Stalker Fighter on Jan 6, 2022.
             Was a High Priest of Okawaru.
             Slain by an eight-headed hydra (8 damage)
             ... in the Arena.
             The game lasted 00:22:03 (10088 turns).

HallandMoats the Fighter (Vine Stalker Fighter)    Turns: 10088, Time: 00:22:04

Health: -3/102     AC: 16    Str: 26    XL:     12   Next: 55%
Magic:  0/20       EV: 18    Int: 11    God:    Okawaru [*****.]
Gold:   558        SH:  8    Dex: 20    Spells: 11/11 levels left

rFire   + . .      SeeInvis +   b - +1 spear (vamp)
rCold   . . .      Faith    +   d - +1 buckler "Aschoxecw" {Harm rN+++ Will- Dex+2 SInv}
rNeg    + + +      Spirit   +   C - +1 ring mail {Will+}
rPois   .          Reflect  .   L - +2 helmet
rElec   .          Harm     +   B - +0 cloak
rCorr   +          Rampage  .   q - +0 pair of gloves "Herphuto" {Regen+ Int+3}
Will    +....                   f - +0 pair of boots
Stlth   ..........              v - amulet of Weshietz {Faith rF+}
HPRegen 1.87/turn               m - +6 ring of strength
MPRegen 0.17/turn               w - ring of resist corrosion

@: berserking, heroic, duelling, very quick
A: fangs 3, regeneration 1, magic shield, antimagic bite, no potion heal 2
a: Renounce Religion, Heroism, Finesse, Duel


You were in the Arena.
You worshipped Okawaru.
Okawaru was extremely pleased with you.
You visited 2 branches of the dungeon, and saw 13 of its levels.

You collected 618 gold pieces.
You spent 60 gold pieces at shops.

Inventory:

Hand Weapons
 a - a +0 broad axe
 b - a +1 vampiric spear (weapon)
Missiles
 n - 4 throwing nets (quivered)
Armour
 d - the +1 buckler "Aschoxecw" (worn) {Harm rN+++ Will- Dex+2 SInv}
   (Okawaru gifted it to you on level 12 of the Dungeon)

   Dex:       It affects your dexterity (+2).
   rN:        It renders you almost immune to negative energy.
   SInv:      It lets you see invisible.
   Harm:      It increases damage dealt and taken.
   Will:      It decreases your willpower.
 f - a +0 pair of boots (worn)
 q - the +0 pair of gloves "Herphuto" (worn) {Regen+ Int+3}
   (You found it on level 3 of the Dungeon)

   Int:       It affects your intelligence (+3).
   Regen:     It increases your rate of health regeneration.
 B - a +0 cloak (worn)
 C - a +1 ring mail of willpower (worn)
 L - a +2 helmet (worn)
Jewellery
 e - an amulet of the acrobat
 m - a +6 ring of strength (left hand)
 t - a +4 ring of protection
 v - the amulet of Weshietz (around neck) {Faith rF+}
   (You found it on level 5 of the Dungeon)

   [amulet of faith]

   It allows you to gain divine favour quickly.
   rF:        It protects you from fire.
 w - a ring of resist corrosion (right hand)
 E - a ring of protection from cold
 I - a ring of flight
Wands
 A - a wand of iceblast (5)
 G - a wand of digging (4)
 H - a wand of paralysis (14)
 K - a wand of mindburst (1)
Scrolls
 c - a scroll of blinking {unknown}
 g - 2 scrolls of enchant armour
 i - 2 scrolls of identify
 o - 7 scrolls of teleportation
 p - 2 scrolls of silence
 u - a scroll of amnesia {unknown}
 x - 4 scrolls of enchant weapon
 y - a scroll of fog
 z - 3 scrolls of fear
Potions
 j - 3 potions of cancellation
 k - a potion of brilliance {unknown}
 l - 10 potions of curing
 r - 2 potions of ambrosia {unknown}
 s - 3 potions of flight {unknown}
 D - 2 potions of mutation {unknown}
 F - a potion of degeneration {unknown}
 J - a potion of magic {unknown}


   Skills:
 * Level 10.4(15.4) Fighting
 + Level 7.4(12.4) Axes
 + Level 6.9(11.9) Armour
 + Level 6.4(11.4) Dodging
 - Level 4.7(9.7) Shields
 * Level 10.0 Invocations


You had 11 spell levels left.
You didn't know any spells.
Your spell library contained the following spells:

 Spells                   Type           Power      Damage    Failure   Level
 Freeze                   Ice            0%         1d3       52%         1
 Blink                    Tloc           0%         N/A       65%         2
 Frozen Ramparts          Ice            0%         1d2       87%         3
 Stone Arrow              Conj/Erth      0%         3d7       87%         3
 Hailstorm                Conj/Ice       0%         3d3       99%         4
 Manifold Assault         Tloc           0%         N/A       100%        5
 Orb of Destruction       Conj           0%         N/A       100%        7
 Storm Form               Tmut/Air       0%         N/A       100%        7
 Lehudib's Crystal Spear  Conj/Erth      0%         10d2      100%        8
 Summon Guardian Golem    Hex/Summ       Unusable   N/A       N/A         3
 Animate Armour           Summ/Erth      Unusable   N/A       N/A         4
 Spellforged Servitor     Conj/Summ      Unusable   N/A       N/A         7

Dungeon Overview and Level Annotations

Branches:
Dungeon (12/15)            Temple (1/1) D:5            Lair (0/6) D:8
    Orc (0/2) D:9

Altars:
Ashenzari
Cheibriados
Dithmenos
Elyvilon
Fedhas
Gozag
Hepliaklqana
Kikubaaqudgha
Makhleb
Nemelex Xobeh
Okawaru
Qazlal
Ru
Sif Muna
Trog
Uskayaw
Vehumet
Wu Jian
Xom
Yredelemnul
Zin
The Shining One

Shops:
D:5 ?   D:6 *

Annotations:
D:8 3 runed translucent doors


Innate Abilities, Weirdness & Mutations

You have razor-sharp teeth.
Your natural rate of healing is unusually fast.
When hurt, damage is shared between your health and your magic reserves.
Your bite disrupts and absorbs the magic of your enemies.
Potions cannot restore your health.


Message History

The eight-headed hydra barely misses you. x2
The eight-headed hydra closely misses you.
You block the eight-headed hydra's attack. x3
The eight-headed hydra bites you! The eight-headed hydra misses you.
Your system rejects the healing.
You feel better.
You block the eight-headed hydra's attack.
The eight-headed hydra misses you. x2; The eight-headed hydra bites you!
* * * LOW HITPOINT WARNING * * *
The eight-headed hydra bites you but does no damage.
The eight-headed hydra closely misses you.
You block the eight-headed hydra's attack.
The eight-headed hydra bites you!
* * * LOW HITPOINT WARNING * * *
Unknown command.
The spectator shouts! x2
Okay, then.
It was a potion of berserk rage.
A red film seems to cover your vision as you go berserk!
You feel yourself moving faster!
You feel mighty!
The spectator shouts!
The eight-headed hydra closely misses you.
The eight-headed hydra barely misses you. x2
The eight-headed hydra closely misses you.
The eight-headed hydra misses you.
The eight-headed hydra closely misses you.
You block the eight-headed hydra's attack.
The eight-headed hydra bites you but does no damage.
You puncture the eight-headed hydra!
The eight-headed hydra is lightly wounded.
The eight-headed hydra misses you. The eight-headed hydra bites you.
* * * LOW HITPOINT WARNING * * *
The eight-headed hydra barely misses you.
You block the eight-headed hydra's attack.
The eight-headed hydra closely misses you.
The eight-headed hydra bites you.
* * * LOW HITPOINT WARNING * * *
You block the eight-headed hydra's attack.
The eight-headed hydra bites you!
You die...
Okawaru crowns the eight-headed hydra victorious!

#########
##..▓∩▓..##
##.p▓▓▓▓▓p.##
##.p▓▓...▓▓p.##
#.p▓▓.....▓▓p.#
#.▓▓.......▓▓.#
#▓▓.........▓▓#
#▓.....D.....▓#
#▓▓...@.....▓▓#
#p▓▓.......▓▓.#
#.p▓▓.....▓▓p.#
##.p▓▓...▓▓p.##
##..▓▓▓▓▓p.##
##...#...##
#########


You could see an eight-headed hydra.

Vanquished Creatures
  A boulder beetle (Arena)
  Harold (D:7)
  Erolcha (D:11)
  6 two-headed ogres
  A manticore (Arena)
  A gargoyle (D:11)
  An ice devil (D:10)
  2 kobold demonologists
  6 polar bears (D:7)
  A komodo dragon (D:11)
  4 trolls
  A dream sheep (D:7)
  A shadow (D:11)
  A wraith (D:11)
  4 wyverns
  2 hogs (D:7)
  12 yaks
  A steam dragon (D:6)
  8 vampire mosquitoes
  Edmund (D:5)
  3 water moccasins (D:7)
  4 acid dragons
  3 orc warriors
  3 sky beasts
  4 black bears (D:7)
  2 centaurs
  2 necrophages
  An ogre (D:6)
  A wolf (D:8)
  2 kobold brigands
  A phantom (D:7)
  A wyvern zombie (D:8)
  3 bullfrogs
  4 scorpions
  A gnoll sergeant (D:4)
  A wyvern skeleton (D:6)
  9 killer bees
  8 wights
  2 centaur zombies
  A crimson imp (D:9)
  2 bullfrog skeletons
  5 hounds
  4 orc priests
  4 iguanas
  5 orc wizards
  5 gnolls
  8 adders
  A howler monkey skeleton (D:4)
  A white imp (D:7)
  An ufetubus (D:5)
  An adder skeleton (D:4)
  3 worms
  2 dart slugs
  21 orcs
  3 endoplasms (D:1)
  14 giant cockroaches
  8 goblins
  10 hobgoblins
  3 jackals (D:4)
  5 quokkas
  10 ball pythons
  2 bats (D:1)
  3 frilled lizards
  14 kobolds
  2 rats (D:1)
249 creatures vanquished.

Notes
Turn   | Place    | Note
-------+----------+-------------------------------------------
     0 | D:1      | HallandMoats the Vine Stalker Fighter began the quest for
                  | the Orb.
     0 | D:1      | Reached XP level 1. HP: 11/11 MP: 2/2
   199 | D:1      | Reached XP level 2. HP: 16/16 MP: 3/3
   508 | D:1      | Reached XP level 3. HP: 20/20 MP: 2/4
   964 | D:2      | Gained mutation: Your natural rate of healing is unusually
                  | fast. [Vine Stalker growth]
   964 | D:2      | Reached XP level 4. HP: 9/24 MP: 2/5
   972 | D:2      | Reached skill level 1 in Dodging
  1271 | D:2      | Reached XP level 5. HP: 24/28 MP: 4/6
  1928 | D:3      | Identified the +0 pair of gloves "Herphuto" {Regen+ Int+3}
  2251 | D:3      | Found a blossoming altar of Fedhas.
  2251 | D:3      | Found a sparkling altar of Nemelex Xobeh.
  2252 | D:3      | Found a hazy altar of Hepliaklqana.
  2252 | D:3      | Found a snail-covered altar of Cheibriados.
  2252 | D:3      | Found a broken altar of Ashenzari.
  2418 | D:4      | Reached XP level 6. HP: 33/33 MP: 7/7
  2538 | D:4      | Noticed a necrophage
  2552 | D:4      | Killed a necrophage
  2748 | D:4      | Reached XP level 7. HP: 38/38 MP: 8/8
  3308 | D:5      | Entered Level 5 of the Dungeon
  3308 | D:5      | Noticed Edmund
  3330 | D:5      | Killed Edmund
  3365 | D:5      | Identified the amulet of Weshietz {Faith rF+}
  3469 | D:5      | Found a staircase to the Ecumenical Temple.
  3486 | Temple   | Entered the Ecumenical Temple
  3742 | Temple   | Became a worshipper of Warmaster Okawaru
  3925 | D:5      | Found an ancient bone altar of Kikubaaqudgha.
  3950 | D:5      | Found Fifiugaa's Magic Scroll Boutique.
  3996 | D:5      | Reached skill level 1 in Invocations
  4038 | D:4      | Gained mutation: You have razor-sharp teeth. [Vine Stalker
                  | growth]
  4038 | D:4      | Reached XP level 8. HP: 42/42 MP: 8/10
  4044 | D:4      | Reached skill level 5 in Fighting
  4093 | D:5      | You fall into a shaft and drop 1 floor!
  4183 | D:5      | Found a stormy altar of Qazlal.
  4292 | D:6      | Found Ereusoe's General Store.
  4305 | D:6      | Reached * piety under Okawaru
  4331 | D:6      | Bought 2 potions of curing for 60 gold pieces
  4663 | D:6      | Reached ** piety under Okawaru
  4664 | D:6      | Reached XP level 9. HP: 43/48 MP: 12/12
  4708 | D:6      | Found a sacrificial altar of Ru.
  4709 | D:6      | Found an opulent altar of Gozag.
  5043 | D:7      | Noticed a kobold demonologist
  5058 | D:6      | Killed a kobold demonologist
  5110 | D:6      | Reached *** piety under Okawaru
  5181 | D:7      | Reached skill level 5 in Invocations
  5279 | D:7      | Noticed Harold
  5414 | D:6      | Reached skill level 5 in Axes
  5429 | D:6      | Reached **** piety under Okawaru
  5468 | D:7      | Reached XP level 10. HP: 55/55 MP: 15/15
  5478 | D:7      | Killed Harold
  5479 | D:7      | Reached skill level 5 in Armour
  5639 | D:7      | Found a huge runed translucent gate.
  5639 | D:7      | Found a huge runed translucent gate.
  5639 | D:7      | Found a huge runed translucent gate.
  5639 | D:7      | Found a huge runed translucent gate.
  5639 | D:7      | Noticed a manticore
  6118 | D:7      | Reached ***** piety under Okawaru
  6183 | Arena    | Entered the Arena
  6188 | Arena    | Killed a manticore
  6189 | Arena    | Reached skill level 5 in Dodging
  6189 | Arena    | Reached XP level 11. HP: 50/60 MP: 11/17
  6382 | D:8      | Noticed a two-headed ogre
  6389 | D:8      | Killed a two-headed ogre
  6522 | D:8      | Found a staircase to the Lair.
  6649 | D:8      | Found a runed translucent gate.
  6649 | D:8      | Found a runed translucent gate.
  6652 | D:8      | Found a runed translucent gate.
  6652 | D:8      | Noticed a glowing orange brain
  6653 | D:8      | Noticed a purple ugly thing
  6654 | D:8      | Noticed a green ugly thing
  6655 | D:8      | Noticed a red ugly thing
  6655 | D:8      | Noticed a cyan ugly thing
  7071 | D:9      | Found a white marble altar of Elyvilon.
  7280 | D:9      | Found a radiant altar of Vehumet.
  7281 | D:9      | Found a burning altar of Makhleb.
  7285 | D:9      | Reached ****** piety under Okawaru
  7304 | D:9      | Found a staircase to the Orcish Mines.
  7597 | D:9      | Noticed a two-headed ogre
  7624 | D:9      | Killed a two-headed ogre
  8011 | D:9      | Found a glowing golden altar of the Shining One.
  8112 | D:10     | Entered Level 10 of the Dungeon
  8380 | D:11     | Noticed a two-headed ogre
  8393 | D:11     | Killed a two-headed ogre
  8393 | D:11     | Received a gift from Okawaru
  8682 | D:11     | Identified the +4 chain mail of Polish {*Slow rF+++ Dex-2
                  | Stlth+} (Okawaru gifted it to you on level 11 of the
                  | Dungeon)
  8682 | D:11     | Received a gift from Okawaru
  8732 | D:11     | Noticed a two-headed ogre
  8740 | D:11     | Killed a two-headed ogre
  8741 | D:11     | Reached XP level 12. HP: 67/67 MP: 16/19
  8774 | D:11     | Noticed Erolcha
  8794 | D:11     | Killed Erolcha
  9066 | D:10     | Reached skill level 10 in Fighting
  9269 | D:10     | Noticed a two-headed ogre
  9305 | D:10     | Killed a two-headed ogre
  9842 | D:12     | Noticed a boulder beetle
  9842 | D:12     | Noticed a two-headed ogre
  9863 | Arena    | Entered the Arena
  9895 | Arena    | Killed a boulder beetle
  9929 | D:11     | Killed a two-headed ogre
  9957 | D:12     | Identified the +1 buckler "Aschoxecw" {Harm rN+++ Will-
                  | Dex+2 SInv} (Okawaru gifted it to you on level 12 of the
                  | Dungeon)
  9957 | D:12     | Received a gift from Okawaru
  9958 | D:12     | Reached skill level 10 in Invocations
 10069 | D:12     | Noticed an eight-headed hydra
 10083 | Arena    | Entered the Arena
 10088 | Arena    | HP: 5/102 [eight-headed hydra (2)]
 10088 | Arena    | Slain by an eight-headed hydra

Illustrated notes

Levels and vault maps discovered:
D:1:      evilmike_arrival_rings, layout_rooms
D:2:      layout_basic
D:3:      minmay_roachtagon, layout_basic, grunt_temple_overflow_open
D:4:      kennysheep_six_static_rooms, layout_basic
D:5:      layout_basic, grunt_qazlal_clouds, old_standard_altar,
          minmay_temple_entry_mini_moons, serial_shops, kennysheep_mini,
          kennysheep_small_square, uniq_edmund
D:6:      layout_cave_pools, nicolae_overflow_squiral, serial_column_ruins,
          column_ruins_columns_straight, column_ruins_columns_straight,
          column_ruins_grid_3, column_ruins_grid_3, column_ruins_corridor_water,
          column_ruins_open_small, nicolae_stop_n_shop_2
D:7:      lemuel_bear_cage, layout_loops_ring, serial_rivers,
          chequers_serial_rivers_micro_e, chequers_serial_rivers_micro_a,
          chequers_serial_rivers_small_a, chequers_serial_rivers_micro_d,
          chequers_serial_rivers_micro_c, chequers_serial_rivers_large_a,
          grunt_decor_one_mirror, uniq_harold
D:8:      layout_loops_ring, erik_lair_island,
          ploomutoo_gammafunk_ghost_potion_laboratory
D:9:      layout_layer_cave, grunt_temple_overflow_lords_of_destruction,
          nicolae_tso_swordbearing_angel, elyvilon_altar_4, orc_0_dummy
D:10:     layout_long_grid
D:11:     layout_rooms, portal_ice_cave_demonic_guard, uniq_erolcha
D:12:     layout_rooms
Temple:   jpeg_temple_island
Arena

Skill      XL: |  1  2  3  4  5  6  7  8  9 10 11 12 |
---------------+-------------------------------------+-----
Shields        | 3 4 |  4.7
Axes           | 2 3 4 5 6 7 |  7.4
Fighting       | 3 4 6 7 8 9 10 | 10.4
Dodging        | 1 2 3 4 5 6 |  6.4
Armour         | 3 4 5 6 |  6.9
Invocations    | 1 3 5 7 9 10 | 10.0

Action                   |  1- 3 |  4- 6 |  7- 9 | 10-12 || total
-------------------------+-------+-------+-------+-------++-------
Melee: War axe           |    46 |       |     3 |       ||    49
       Bite              |    12 |    50 |   130 |   337 ||   529
       Dagger            |    12 |   165 |   356 |       ||   533
       Spear             |       |       |    35 |   823 ||   858
Invok: Heroism           |       |       |     3 |     9 ||    12
       Duel              |       |       |       |     3 ||     3
  Use: Potion            |       |       |     1 |     5 ||     6
       Scroll            |       |       |       |    13 ||    13
Armor: Scale mail        |    23 |    56 |    88 |       ||   167
       Ring mail         |       |       |   159 |   293 ||   452
Dodge: Dodged            |    25 |    70 |   368 |   486 ||   949
Block: Buckler           |    13 |    32 |   152 |   223 ||   420

Table legend: (Time is in decaauts)
 A = Elapsed time spent in this place.
 B = Non-inter-level travel time spent in this place.
 C = Inter-level travel time spent in this place.
 D = Time resting spent in this place.
 E = Time spent auto-exploring this place.
 F = Levels seen in this place.
 G = Mean time per level.
                   A        B        C        D        E       F      G
               +--------+--------+--------+--------+--------+-----+--------+
         Total |  10106 |   9589 |    517 |     44 |   6796 |  16 |  631.6 |
       Dungeon |   9730 |   9255 |    475 |     44 |   6522 |  12 |  810.8 |
        Temple |    322 |    280 |     42 |      0 |    274 |   1 |  322.0 |
         Arena |     54 |     54 |      0 |      0 |      0 |   3 |   18.0 |
               +--------+--------+--------+--------+--------+-----+--------+

Top non-repeatable levels by time:
     D:6: 1013 daAuts
     D:9: 995 daAuts
     D:4: 973 daAuts
    D:11: 963 daAuts
     D:7: 950 daAuts
     D:2: 950 daAuts
     D:1: 878 daAuts
     D:8: 866 daAuts
    D:10: 806 daAuts
     D:3: 604 daAuts
     D:5: 604 daAuts
  Temple: 322 daAuts
    D:12: 122 daAuts
   Arena: 54 daAuts
